Map: [ESL] Inside and Out

Players

Scarlett

  • Race: Zerg Zerg
  • Spawn Location: 1:00

ByuN - Winner!

  • Race: Terran Terran
  • Spawn Location: 7:00

Event: HomeStory Cup XXII

VOD

Have the link to the VOD?

Description

Time

  • Played on: Dec. 16, 2022, 10:51 a.m.
  • Length: 19:03

All games in this series

Show
View Real Time Build Order
Export as new Build Order

Scarlett Zerg 

Build Orders: Hatch First 

Get SALT Encoding   

  12  0:00  Drone  
  13  0:12  Overlord  
  13  0:17  Drone  
  14  0:30  Drone x2  
  16  0:47  Hatchery  
  15  0:51  Drone  
  15  0:54  Drone  
  17  0:57  Drone  
  18  1:08  Extractor  
  17  1:12  Spawning Pool  
  17  1:15  Drone  
  17  1:19  Drone  
  18  1:27  Drone  
  19  1:38  Drone  
  20  1:49  Drone  
  21  1:59  Queen x2  
  21  2:00  Zergling x4  
  27  2:09  Zergling x2  
  27  2:10  Overlord  
  28  2:17  Metabolic Boost  
  27  2:30  Hatchery  
  26  2:38  Drone  
  26  2:40  Queen  
  26  2:43  Drone  
  30  2:45  Zergling x2  
  30  2:49  Zergling x2  
  30  2:50  Zergling x2  
  33  2:55  Overlord  
  33  3:00  Spore Crawler  
  33  3:06  Drone  
  33  3:07  Drone x2  
  33  3:11  Overlord  
  36  3:17  Drone x4  
  40  3:22  Queen  
  42  3:28  Overlord  
  40  3:45  Drone x6  
  44  3:49  Drone  
  44  3:50  Drone x3  
  44  3:54  Queen  
  50  3:57  Drone x2  
  52  4:06  Drone x2  
  52  4:07  Queen  
  56  4:10  Overlord  
  56  4:13  Drone x2  
  56  4:16  Drone x2  
  60  4:23  Drone x4  
  64  4:26  Queen  
  64  4:30  Overlord  
  66  4:33  Overlord  
  66  4:34  Drone  
  66  4:36  Drone x2  
  66  4:38  Zergling x4  
  69  4:41  Zergling x2  
  70  4:46  Queen, Overlord  
  70  4:50  Zergling x4  
  70  4:51  Zergling x4  
  70  4:52  Zergling x2  
  77  4:55  Zergling x6  
  77  4:59  Queen  
  82  5:03  Zergling x4  
  84  5:11  Queen  
  84  5:13  Zergling x2  
  84  5:14  Zergling x8  
  74  5:22  Drone x5  
  74  5:24  Queen  
  74  5:27  Evolution Chamber  
  79  5:30  Drone x2  
  79  5:32  Drone x2, Evolution Chamber  
  79  5:33  Drone x3  
  79  5:34  Queen  
  87  5:40  Hatchery  
  86  5:49  Lair  
  86  5:53  Zerg Ground Armor Level 1, Overlord, Extractor  
  86  5:54  Extractor  
  84  6:03  Zergling x26  
  96  6:11  Queen  
  96  6:16  Zerg Melee Weapons Level 1  
  96  6:17  Zergling x14  
  105  6:29  Hatchery  
  105  6:30  Drone  
  105  6:31  Baneling Nest, Overlord x3  
  104  6:40  Overlord x4  
  104  6:45  Zergling x2  
  105  6:49  Queen  
  105  6:50  Queen  
  105  6:52  Queen  
  105  6:53  Zergling x4  
  113  7:06  Zergling x24  
  124  7:12  Zergling x4  
  121  7:17  Zergling x10  
  121  7:20  Centrifugal Hooks  
  119  7:24  Drone x6  
  118  7:37  Queen x2  
  118  7:41  Queen  
  118  7:43  Zergling x2  
  118  7:44  Zergling x20  
  126  7:49  Zerg Ground Armor Level 2  
  125  7:58  Zergling x18  
  133  8:00  Zergling x4  
  133  8:04  Zergling x2  
  137  8:08  Zergling x6  
  137  8:12  Zerg Melee Weapons Level 2  
  140  8:13  Zergling x4  
  140  8:14  Baneling x12  
  140  8:19  Zergling x8  
  146  8:25  Zergling x14  
  144  8:28  Zergling x4  
  144  8:34  Zergling x6  
  143  8:37  Baneling x7  
  143  8:39  Zergling x4  
  141  8:43  Zergling x4  
  141  8:45  Queen  
  141  8:46  Zergling x6  
  141  8:47  Baneling  
  141  8:48  Baneling x6  
  146  8:53  Zergling x2  
  146  8:54  Zergling x2  
  145  9:01  Baneling  
  145  9:02  Zergling x8, Baneling x2  
  141  9:08  Zergling x8  
  145  9:13  Zergling x12  
  145  9:15  Zergling x6  
  148  9:28  Zergling x18  
  148  9:29  Zergling x2  
  143  9:32  Zergling x2  
  143  9:35  Zergling x2  
  143  9:36  Queen x2  
  140  9:39  Zergling x4  
  140  9:42  Baneling x12  
  142  9:48  Zergling x16  
  150  9:53  Drone  
  150  9:54  Zergling x6, Hatchery  
  150  9:58  Zergling x2  
  153  10:04  Zergling x8  
  121  10:10  Drone  
  121  10:11  Zergling x14  
  123  10:22  Zergling x10  
  123  10:25  Zergling x2  
  129  10:30  Infestation Pit, Baneling x13  
  129  10:31  Zergling x6  
  129  10:35  Zergling x4  
  133  10:38  Zergling x2  
  134  10:46  Zergling x8  
  138  10:54  Zergling x24  
  147  11:03  Zergling x6  
  141  11:04  Baneling x7  
  141  11:05  Baneling  
  141  11:06  Zergling x6  
  141  11:10  Zergling x4  
  142  11:12  Hive  
  142  11:14  Zergling x4  
  143  11:18  Zergling x8  
  143  11:24  Zergling x18  
  149  11:36  Zergling x18  
  130  11:40  Zergling x12  
  130  11:46  Zergling x6  
  132  11:48  Zergling x4  
  132  11:51  Drone x6  
  139  11:58  Drone x3, Extractor  
  139  11:59  Drone x3, Extractor  
  139  12:01  Zergling x4  
  145  12:02  Hatchery  
  145  12:05  Zergling x8  
  145  12:06  Zergling x2  
  149  12:08  Zergling x6  
  149  12:12  Zergling x2  
  153  12:17  Spore Crawler  
  153  12:18  Zergling x16  
  153  12:20  Baneling x17  
  160  12:31  Zergling x24  
  160  12:35  Baneling x9  
  172  12:40  Extractor x2  
  172  12:41  Drone x4  
  172  12:42  Drone x2  
  176  12:49  Zerg Ground Armor Level 3  
  176  12:52  Zergling x6  
  176  13:00  Zergling x20  
  173  13:06  Baneling x6  
  155  13:14  Zergling x24  
  155  13:15  Zergling x2  
  155  13:18  Zergling x2  
  155  13:19  Zergling x6  
  142  13:23  Zergling x6  
  142  13:26  Baneling x7  
  139  13:30  Zergling x4  
  141  13:39  Adrenal Glands  
  141  13:40  Zerg Melee Weapons Level 3  
  140  13:49  Drone x2  
  140  13:50  Drone x6  
  148  13:56  Drone x4  
  152  14:06  Zergling x10  
  152  14:07  Zergling x6  
  160  14:10  Baneling x7  
  160  14:11  Baneling  
  160  14:17  Zergling x12  
  166  14:30  Zergling x18  
  165  14:41  Zergling x4  
  165  14:42  Zergling x18  
  131  14:54  Zergling x4  
  131  14:55  Zergling x14  
  132  15:01  Zergling x2  
  132  15:03  Zergling x10  
  132  15:05  Baneling x2  
  135  15:09  Zergling x10  
  130  15:20  Zergling x12  
  116  15:26  Hatchery  
  113  15:31  Zergling x2  
  113  15:32  Zergling x8  
  118  15:40  Zergling x8  
  118  15:41  Zergling x2  
  122  15:47  Zergling x8  
  122  15:48  Baneling x4  
  124  15:51  Zergling x2  
  124  15:56  Spore Crawler  
  121  16:05  Zergling x10  
  119  16:16  Zergling x14  
  116  16:18  Baneling x3  
  116  16:19  Baneling  
  116  16:24  Zergling x8  
  104  16:28  Zergling x2  
  104  16:29  Zergling x4  
  94  16:35  Zergling x6  
  94  16:39  Zergling x4  
  78  16:51  Zergling x14  
  72  16:57  Zergling x6  
  67  17:13  Zergling x8  
  70  17:31  Zergling x14  
  77  17:41  Zergling x2  
  77  17:42  Zergling x6  
  79  17:50  Zergling x6  
  67  17:56  Zergling x4  
  67  17:57  Zergling x2  
  63  18:03  Zergling x4  
  64  18:07  Zergling x2  
  65  18:14  Zergling x4  
  65  18:18  Zergling x2  
  65  18:22  Zergling x4  
  62  18:32  Zergling x6  
  54  18:50  Spore Crawler  
Show
View Real Time Build Order
Export as new Build Order

ByuN Terran - Winner!

Build Orders:  

Get SALT Encoding   

  12  0:00  SCV  
  13  0:12  SCV  
  14  0:17  Supply Depot  
  14  0:24  SCV  
  15  0:38  SCV  
  15  0:40  Barracks  
  16  0:42  Refinery  
  16  0:51  SCV  
  17  0:58  Barracks  
  17  1:03  SCV  
  18  1:15  SCV  
  19  1:26  Reaper  
  19  1:27  Orbital Command  
  19  1:31  Supply Depot  
  20  1:45  Reaper  
  21  1:53  SCV  
  22  2:01  Reaper  
  22  2:05  SCV  
  24  2:10  Command Center  
  24  2:17  SCV  
  25  2:23  Barracks  
  25  2:29  Barracks Reactor, SCV  
  26  2:41  SCV  
  26  2:42  Barracks Tech Lab  
  27  2:45  Barracks  
  27  2:57  Supply Depot, SCV  
  28  3:03  Marine  
  29  3:08  Marine  
  29  3:09  SCV, Stimpack  
  31  3:18  Barracks Tech Lab  
  31  3:19  Marine  
  32  3:21  SCV  
  32  3:23  Orbital Command  
  32  3:26  Marine x2  
  35  3:33  SCV  
  36  3:36  Marine  
  36  3:38  Marine x2  
  39  3:43  Marine  
  39  3:45  SCV  
  39  3:49  SCV  
  39  3:51  Marine  
  39  3:52  Combat Shield  
  40  3:57  Supply Depot, Marine x2  
  40  3:58  Refinery, Marine  
  40  4:01  Marine  
  45  4:03  SCV x2  
  46  4:11  Marine  
  46  4:15  SCV x2, Marine x2  
  46  4:16  Marine  
  52  4:18  Supply Depot  
  52  4:22  Marine  
  53  4:27  SCV x2  
  53  4:29  Marine  
  56  4:31  Factory  
  56  4:33  Marine  
  56  4:34  Marine x2  
  56  4:35  Refinery  
  59  4:39  SCV x2  
  59  4:43  Engineering Bay, Marine  
  62  4:50  Supply Depot  
  62  4:51  SCV x2  
  64  4:52  Barracks Reactor  
  64  5:03  SCV x2  
  63  5:15  SCV x2, Marine x2  
  63  5:16  Factory Reactor  
  63  5:17  Marine x2  
  63  5:18  Starport  
  60  5:27  SCV  
  60  5:28  SCV, Terran Infantry Weapons Level 1  
  59  5:31  Marine x2  
  59  5:33  Marine x2  
  63  5:38  Marine  
  63  5:41  Command Center  
  64  5:43  SCV x2  
  64  5:49  Supply Depot  
  66  5:50  Barracks Reactor, Marine x2  
  66  5:52  Refinery  
  68  5:57  Marine x3  
  68  6:01  Medivac x2  
  75  6:05  Siege Tank  
  75  6:10  SCV x2  
  80  6:11  Supply Depot  
  80  6:14  Supply Depot  
  80  6:18  Marine x2  
  81  6:20  Marine x2  
  81  6:24  Marine  
  85  6:26  SCV  
  86  6:33  SCV  
  86  6:35  Supply Depot  
  86  6:36  Marine x2  
  86  6:37  Siege Tank, Marine  
  93  6:41  Medivac x2  
  93  6:46  Marine x2  
  99  6:47  Marine x2  
  102  6:55  Barracks  
  102  6:56  SCV x2  
  102  6:57  Marine  
  104  7:08  SCV x2  
  104  7:09  Siege Tank  
  104  7:11  Marine x3  
  104  7:12  Marine  
  113  7:15  Marine x2  
  113  7:18  Marine  
  113  7:20  SCV x2  
  115  7:28  Marine  
  116  7:32  SCV  
  116  7:33  SCV  
  116  7:35  Marine x2  
  117  7:37  Marine x2  
  117  7:41  Siege Tank  
  117  7:43  Marine  
  121  7:44  SCV  
  121  7:45  Barracks Reactor, SCV  
  122  7:52  Terran Infantry Armor Level 1  
  122  7:53  Liberator  
  122  7:57  Liberator, SCV x2  
  130  7:58  Supply Depot  
  130  7:59  Orbital Command  
  130  8:01  Supply Depot  
  130  8:05  Marine x2  
  131  8:06  Supply Depot, Marine  
  131  8:09  Supply Depot  
  133  8:16  Supply Depot  
  133  8:18  Orbital Command  
  133  8:19  Marine x3  
  133  8:20  SCV x2  
  130  8:32  SCV x2  
  121  8:37  Marine x3  
  121  8:38  Marine x3  
  121  8:39  Liberator  
  121  8:40  Liberator  
  127  8:44  SCV x3  
  130  8:49  Siege Tank  
  133  8:56  SCV x3  
  133  9:00  Marine x2  
  137  9:02  Marine  
  137  9:04  Marine  
  137  9:06  Marine  
  137  9:07  Marine  
  137  9:08  SCV x3, Marine  
  144  9:12  Marine  
  144  9:13  Marine  
  146  9:18  Marine x2  
  146  9:20  Marine  
  146  9:21  Siege Tank  
  146  9:22  Armory  
  146  9:23  Engineering Bay  
  131  9:32  Marine x2  
  131  9:37  Marine x2  
  117  9:38  Marine  
  117  9:41  Marine x3  
  117  9:43  Liberator  
  117  9:44  Liberator  
  124  9:51  Marine x2  
  126  9:53  Siege Tank  
  129  10:01  SCV  
  129  10:02  SCV x2  
  129  10:06  Marine  
  124  10:13  Marine x6  
  129  10:17  Marine x2  
  125  10:24  SCV x2, Marine  
  125  10:26  Liberator x2  
  125  10:28  Factory  
  134  10:30  Marine  
  134  10:31  Marine x2  
  137  10:37  Siege Tank  
  140  10:43  Supply Depot  
  140  10:44  Supply Depot  
  140  10:50  Marine x5  
  140  10:51  Marine x2  
  140  10:53  Marine  
  148  11:03  SCV x2  
  144  11:05  Marine  
  144  11:06  SCV  
  144  11:09  Medivac x2  
  144  11:10  Siege Tank  
  144  11:11  Marine x2  
  153  11:15  SCV, Marine  
  153  11:17  Factory Reactor  
  153  11:19  Marine x2  
  153  11:20  Marine x2  
  153  11:21  Marine  
  153  11:25  Marine  
  158  11:28  Factory Tech Lab  
  134  11:42  Siege Tank, Marine x2  
  134  11:43  Marine  
  134  11:44  Marine x2  
  134  11:46  Terran Infantry Weapons Level 2  
  134  11:47  Terran Infantry Armor Level 2  
  128  11:49  Marine x2  
  128  11:51  Marine  
  126  11:54  Marine  
  126  11:58  Siege Tank  
  126  12:00  Marine x2  
  132  12:02  Liberator x2  
  138  12:09  Marine  
  138  12:10  Marine x3  
  142  12:17  Marine x4  
  142  12:18  Siege Tank  
  149  12:24  Marine  
  149  12:26  Marine  
  149  12:27  Marine x2  
  149  12:28  Marine  
  154  12:30  Siege Tank  
  154  12:35  Marine x2  
  154  12:36  Supply Depot  
  159  12:38  Supply Depot  
  159  12:41  Marine x2  
  159  12:42  Marine  
  162  12:44  Liberator, Marine  
  162  12:45  Marine x3  
  162  12:51  Siege Tank  
  172  12:53  Marine  
  172  12:57  Marine  
  173  12:58  Orbital Command  
  173  12:59  Marine x2  
  173  13:00  Marine  
  173  13:01  SCV x2  
  173  13:02  Marine  
  173  13:03  Marine  
  173  13:04  Marine  
  145  13:13  SCV x2  
  131  13:20  Medivac  
  131  13:23  Siege Tank  
  131  13:25  SCV  
  130  13:27  Medivac  
  130  13:29  Marine  
  130  13:32  Marine x2  
  134  13:34  Marine x4  
  134  13:35  Marine  
  128  13:42  Marine  
  128  13:47  Marine  
  123  13:50  Marine  
  123  13:55  Siege Tank  
  127  13:56  Marine x4  
  127  13:59  Medivac  
  127  14:01  Medivac  
  135  14:09  Marine  
  136  14:14  Marine x5  
  141  14:17  Marine  
  141  14:20  Marine x2  
  144  14:27  Marine  
  144  14:32  Marine x5  
  144  14:33  Liberator  
  144  14:35  Marine  
  144  14:36  Orbital Command  
  144  14:38  Marine x2  
  151  14:44  Marine  
  153  14:49  Marine  
  153  14:50  Marine x3  
  153  14:51  Siege Tank  
  153  14:52  Marine  
  138  14:57  Marine  
  138  14:59  Marine  
  137  15:02  Marine x2  
  137  15:04  Medivac  
  140  15:07  Marine  
  140  15:10  Marine  
  140  15:11  Marine  
  142  15:16  Marine  
  142  15:17  Marine  
  132  15:21  Marine x2  
  132  15:27  SCV x2  
  135  15:31  Medivac  
  137  15:39  Terran Infantry Armor Level 3  
  137  15:43  Marine x2  
  137  15:45  Marine  
  137  15:48  Marine x2  
  142  15:56  Marine x3  
  143  15:58  Siege Tank  
  143  16:02  Marine x2  
  146  16:04  Orbital Command  
  146  16:05  Marine  
  146  16:06  Marine  
  146  16:07  Marine  
  146  16:09  Marine  
  146  16:15  Marine  
  145  16:19  Marine  
  145  16:20  Marine  
  143  16:30  Siege Tank  
  137  16:33  Marine  
  137  16:39  SCV x2  
  135  16:40  Marine  
  135  16:42  Marine x2  
  135  16:44  Marine x2  
  128  16:53  SCV  
  115  16:59  Marine  
  113  17:02  Marine  
  113  17:04  Marine  
  113  17:08  SCV  
  113  17:10  SCV  
  112  17:29  Marine x4  
  113  17:32  Marine  
  117  17:38  SCV x2  
  117  17:45  Marine  
  117  17:49  Marine  
  117  17:50  Marine  
  106  17:52  Marine x3  
  106  17:58  Marine  
  97  18:11  Orbital Command  
  98  18:13  SCV  
  98  18:14  Marine  
  78  18:20  Marine  
  78  18:23  SCV  
  76  18:30  Marine  
  72  18:39  Marine  
Tags
 
Add a new tag
Caveats
  • Supply blocks, unpowered buildings, or Contaminate may cause inaccurate times.
  • Supply counts are checked every 10 seconds.